 Dungeon Crawl Stone Soup version 0.29-a0-82-g837932c90e (webtiles) character file.

Game seed: 18029441243550501766

56 kae the Ruffian (level 3, 0/29 HPs)
             Began as a Draconian Transmuter on Feb 4, 2022.
             Slain by Sigmund (1 damage)
             ... on level 3 of the Dungeon.
             The game lasted 00:01:22 (2963 turns).

kae the Ruffian (Draconian Transmuter)              Turns: 2963, Time: 00:01:22

Health: 0/29       AC:  2    Str:  9 (12) XL:     3   Next: 69%
Magic:  3/6        EV: 19    Int: 13 (15) God:
Gold:   67         SH:  0    Dex: 14 (16) Spells: 2/6 levels left

rFire   . . .      SeeInvis .     - Unarmed
rCold   . . .      Faith    .   (shield currently unavailable)
rNeg    . . .      Spirit   .   (armour unavailable)
rPois   x          Reflect  .   (helmet currently unavailable)
rElec   .          Harm     .   (cloak currently unavailable)
rCorr   .          Rampage  .   (gloves currently unavailable)
Will    .....                   (boots currently unavailable)
Stlth   +.........              (no amulet)
HPRegen 0.09/turn               (no ring)
MPRegen 0.10/turn               (no ring)

@: spider-form (expiring)
A: venomous fangs, AC +5, tiny, unfitting armour, (cold-blooded)
a: End Transformation


You were on level 3 of the Dungeon.
You were a venomous arachnid creature.
You visited 1 branch of the dungeon, and saw 3 of its levels.

You collected 67 gold pieces.

Inventory:

Scrolls
 b - a scroll of noise {unknown}
Potions
 c - a potion of cancellation {unknown}
 d - a potion of brilliance {unknown}
 e - a potion of haste {unknown}


   Skills:
 + Level 1.7 Fighting
 + Level 2.1 Dodging
 * Level 3.5 Unarmed Combat
 + Level 2.3 Spellcasting
 * Level 2.7 Transmutations


You had 2 spell levels left.
You knew the following spells:

 Your Spells              Type           Power      Damage    Failure   Level
a - Beastly Appendage     Tmut           16%        N/A       21%         1
b - Spider Form           Tmut/Pois      5%         N/A       61%         3

Your spell library contained the following spells:

 Spells                   Type           Power      Damage    Failure   Level
 Wereblood                Tmut           8%         N/A       28%         2
 Foxfire                  Conj/Fire      4%         2x1d4     47%         1
 Ice Form                 Ice/Tmut       5%         N/A       92%         4


Dungeon Overview and Level Annotations

Branches:
Dungeon (3/15)

Altars:

Annotations:
D:3 Sigmund


Innate Abilities, Weirdness & Mutations

You are a venomous arachnid creature.
You have poisonous fangs.
You are tiny and dextrous.
Your spellcasting is less reliable in this form.
Your armour is entirely melded.
You are incapable of wielding weapons or throwing items.
((Your plain brown scales are hard. (AC +5)))
You cannot fit into any form of body armour.
((You are cold-blooded and may be slowed by cold attacks.))


Message History

You are very lightly contaminated with residual magic.
Nothing appears to happen.
Sigmund hits you from afar with a +4 vorpal scythe!
Sigmund is nearby!
You are too injured to fight recklessly!
You are too injured to fight recklessly!
Sigmund is nearby!
Okay, then.
Casting: Beastly Appendage (safe; 7% risk of failure)
Confirm with . or Enter, or press ? or * to list all spells.
The spell is extremely dangerous to miscast (36% risk of failure)!
Continue anyway? [Y]es or [N]o only, please.
The spell is extremely dangerous to miscast (36% risk of failure)!
Continue anyway?
You turn into a venomous arachnid creature.
Your transformation is almost over.
Sigmund hits you with a +4 vorpal scythe!
* * * LOW HITPOINT WARNING * * *
x2 You barely miss Sigmund.
Sigmund misses you.
You hit Sigmund.
Sigmund is poisoned.
Sigmund is lightly wounded.
You hit Sigmund but do no damage.
Sigmund looks as sick as possible!
Sigmund is lightly wounded.
Sigmund closely misses you.
Your magical contamination has completely faded away.
You hit Sigmund but do no damage.
Sigmund looks as sick as possible!
Sigmund is moderately wounded.
You hit Sigmund.
Sigmund looks as sick as possible!
Sigmund is moderately wounded.
Sigmund misses you.
It was a potion of degeneration.
There was something very wrong with that liquid.
You feel weakened.
You feel dopey.
You feel clumsy. Sigmund misses you.
You closely miss Sigmund.
Sigmund is severely wounded.
You hit Sigmund but do no damage.
Sigmund looks as sick as possible!
Sigmund is severely wounded.
Sigmund hits you with a +4 vorpal scythe.
* * * LOW HITPOINT WARNING * * *
You die...

#.......#
#.......##
#........#
#........#
#........#
#........#
#........#######
#....@s..†.....#
#........#####.#
............. #.#
###############.#
#.# #.# #.#
######.# #...##.#


You could see Sigmund (extremely poisoned).

Vanquished Creatures
  An adder (D:2)
  2 worms (D:2)
  A dart slug (D:1)
  4 endoplasms (D:1)
  5 giant cockroaches
  A goblin (D:1)
  5 hobgoblins
  4 kobolds
  2 quokkas (D:1)
  A ball python (D:1)
  2 bats (D:1)
  5 frilled lizards
  4 rats (D:1)
37 creatures vanquished.

Notes
Turn   | Place    | Note
-------+----------+-------------------------------------------
     0 | D:1      | kae the Draconian Transmuter began the quest for the Orb.
     0 | D:1      | Reached XP level 1. HP: 16/16 MP: 3/3
   658 | D:1      | Reached XP level 2. HP: 23/23 MP: 3/5
  1400 | D:1      | Reached XP level 3. HP: 17/28 MP: 4/6
  1404 | D:1      | Learned a level 3 spell: Spider Form
  1531 | D:1      | Found a faded altar of an unknown god.
  1536 | D:1      | Got Plato's Reference Book on Arcane Weapons
  2949 | D:3      | Noticed Sigmund
  2963 | D:3      | HP: 1/29 [Sigmund (2)]
  2963 | D:3      | Slain by Sigmund

Illustrated notes

Levels and vault maps discovered:
D:1:      tarquinn_simple_flora_water_a, layout_loops_ring,
          shapermc_ecumenical_altar_rom_forum, minmay_tromino_i2
D:2:      layout_basic, serial_rivers, chequers_serial_rivers_micro_a,
          chequers_serial_rivers_small_3, chequers_serial_rivers_micro_a,
          chequers_serial_rivers_micro_e, chequers_serial_rivers_room_b,
          hex_tiny
D:3:      layout_basic, lemuel_crystal_altar, uniq_sigmund, uniq_ijyb

Skill      XL: |  1  2 |
---------------+-------+-----
Dodging        | 2 |  2.1
Fighting       | |  1.7
Unarmed Combat | |  3.5
Spellcasting   | |  2.3
Transmutations | |  2.7

Action                   || total
-------------------------++-------
Melee: Unarmed           ||   126
       Tailslap          ||    15
       Kick              ||    11
       Headbutt          ||     4
       Punch             ||     1
 Cast: Beastly Appendage ||    26
       Spider Form       ||     1
  Use: Scroll            ||     2
       Potion            ||     1
Armor: Skin              ||    46
Dodge: Dodged            ||    70

Table legend: (Time is in decaauts)
 A = Elapsed time spent in this place.
 B = Non-inter-level travel time spent in this place.
 C = Inter-level travel time spent in this place.
 D = Time resting spent in this place.
 E = Time spent auto-exploring this place.
 F = Levels seen in this place.
 G = Mean time per level.
                   A        B        C        D        E       F      G
               +--------+--------+--------+--------+--------+-----+--------+
         Total |   2968 |   2911 |     57 |    599 |   1998 |   3 |  989.3 |
       Dungeon |   2968 |   2911 |     57 |    599 |   1998 |   3 |  989.3 |
               +--------+--------+--------+--------+--------+-----+--------+

Top non-repeatable levels by time:
     D:1: 2014 daAuts
     D:2: 874 daAuts
     D:3: 79 daAuts
